Map: Temple of the Past

Players

BizMac

  • Race: Zerg Zerg

ILIEKEGGPIE

  • Race: Protoss Protoss
  • League: Platinum
  • Spawn Location: 0:00

VOD

Have the link to the VOD?

Description

Time

  • Played on: June 7, 2018, 8:35 p.m.
  • Length: 26:31
Show
View Real Time Build Order
Export as new Build Order

BizMac Zerg 

Build Orders:  

Get SALT Encoding   

  12  0:03  Infested SCV  
  13  0:15  Infested SCV  
  14  0:31  Infested Barracks  
  14  0:36  Infested SCV  
  15  0:51  Infested Refinery  
  15  0:57  Overlord  
  15  1:21  Overlord  
  15  1:22  Infested SCV  
  15  1:23  Infested SCV  
  17  1:30  Infested SCV  
  18  1:47  Infested SCV  
  19  1:52  Infested Barracks Tech Lab  
  19  2:04  Infested Barracks  
  19  2:12  Infested SCV  
  19  2:13  Infested SCV  
  19  2:19  Infested Refinery  
  21  2:34  Infested SCV  
  22  2:53  Infested SCV  
  22  2:57  Retinal Augmentation  
  23  3:08  Infested SCV  
  24  3:27  Infested Marine x2  
  24  3:28  Infested Marine x3  
  24  3:29  Infested Marine x2  
  31  4:01  Overlord  
  31  4:02  Overlord  
  31  4:05  Infestation Level 1  
  31  4:22  Infested Engineering Bay  
  31  4:26  Infested Engineering Bay  
  31  5:05  Plagued Munitions  
  31  5:09  Infested SCV x2  
  26  5:12  Infested SCV  
  26  5:13  Overlord  
  26  5:14  Infested SCV  
  26  5:16  Stukov Infantry Weapons Level 1  
  28  6:01  Infested Bunker  
  32  6:21  Infested Factory  
  32  6:25  Stukov Infantry Armor Level 1  
  32  6:27  Infested Barracks  
  32  6:55  Infested Command Center  
  32  7:24  Broodling Gestation  
  32  7:30  Infested Starport  
  32  7:55  Overlord x2  
  32  8:27  Infested Marine  
  32  8:28  Infested Marine x4  
  37  8:30  Infested Marine x4  
  37  8:31  Infested Marine  
  42  8:54  Anaerobic Enhancement  
  42  9:39  Infested SCV x4  
  50  10:02  Infested Bunker  
  50  10:05  Infested Marine x5  
  50  10:06  Infested Marine  
  50  10:07  Infested Marine x2  
  44  10:27  Stukov Infantry Armor Level 2, Stukov Infantry Weapons Level 2  
  41  10:32  Infested Bunker  
  41  10:34  Infested Marine x2  
  41  10:35  Infested Marine x6  
  41  10:36  Infested Marine  
  38  11:09  Infestation Level 2  
  38  11:11  Infested SCV x2  
  37  12:30  Infested SCV x4  
  37  12:36  Infested Refinery  
  37  12:39  Infested Refinery  
  41  12:43  Infested Marine x4  
  41  12:44  Infested Marine x2  
  41  12:45  Infested Marine  
  48  12:59  Infested Armory  
  46  13:06  Infested SCV x2  
  46  13:07  Infested SCV  
  49  13:26  Infested Marine x5  
  49  13:27  Infested Marine x2  
  49  13:28  Infested Marine x5  
  49  13:29  Infested Marine x3  
  59  13:46  Regenerative Plating  
  59  13:47  Infested Bunker  
  52  14:08  Infested Bunker  
  52  14:12  Stukov Infantry Weapons Level 3  
  52  14:22  Infested Factory Tech Lab  
  52  14:45  Aggressive Incubation  
  52  14:46  Stukov Infantry Armor Level 3  
  52  14:56  Infested SCV x3  
  52  14:58  Infested SCV x2  
  57  15:00  Overlord  
  57  15:01  Overlord  
  57  15:05  Infestation Level 3  
  57  15:12  Infested Marine x5  
  62  15:49  Infested Siege Tank x3  
  71  15:50  Infested Siege Tank x2  
  71  15:57  Automated Mitosis  
  72  16:57  Acidic Enzymes  
  72  17:52  Calcified Armor  
  72  17:59  Stukov Vehicle and Ship Weapons Level 1  
  72  18:03  Overlord x3  
  71  20:18  Infested Marine x2  
  71  20:19  Infested Marine x4  
  77  20:20  Infested Marine x2  
  77  20:21  Infested Marine x3  
  82  20:39  Stukov Vehicle and Ship Armor Level 1  
  62  23:15  Infested Marine  
  62  23:16  Infested Marine x13  
  62  23:17  Infested Marine x2  
  62  23:18  Infested Marine  
  62  23:19  Infested Marine x2  
  81  23:20  Infested Marine  
Show
View Real Time Build Order
Export as new Build Order

ILIEKEGGPIE Protoss 

Build Orders:  

Get SALT Encoding   

  12  0:02  Probe (Chrono Boost)  
  13  0:16  Probe (Chrono Boost)  
  14  0:25  Pylon  
  14  0:31  Probe (Chrono Boost)  
  15  0:49  Probe (Chrono Boost)  
  15  0:54  Gateway  
  16  1:03  Probe (Chrono Boost)  
  16  1:06  Assimilator  
  17  1:17  Probe (Chrono Boost)  
  18  1:24  Pylon  
  18  1:31  Probe (Chrono Boost)  
  19  1:45  Probe (Chrono Boost)  
  20  1:52  Gateway  
  21  2:02  Cybernetics Core  
  21  2:07  Centurion  
  22  2:12  Probe (Chrono Boost)  
  23  2:31  Assimilator  
  23  2:38  Centurion  
  23  2:42  Pylon  
  25  2:57  Gateway  
  25  3:04  Stalker  
  25  3:08  Warp Gate  
  27  3:21  Stalker  
  29  3:42  Stargate  
  29  4:03  Nexus  
  29  4:18  Stargate  
  29  4:25  Probe (Chrono Boost)  
  30  4:31  Pylon  
  30  4:43  Void Ray  
  34  5:18  Probe (Chrono Boost)  
  35  5:35  Probe (Chrono Boost)  
  37  5:52  Void Ray, Probe (Chrono Boost)  
  37  5:59  Assimilator  
  41  6:07  Assimilator  
  41  6:09  Void Ray, Probe (Chrono Boost)  
  46  6:20  Probe (Chrono Boost)  
  46  6:25  Probe (Chrono Boost)  
  48  6:34  Probe (Chrono Boost)  
  49  6:40  Probe (Chrono Boost)  
  49  6:48  Probe (Chrono Boost)  
  51  6:54  Probe (Chrono Boost)  
  52  7:02  Probe (Chrono Boost)  
  52  7:08  Void Ray, Probe (Chrono Boost)  
  52  7:09  Void Ray  
  62  7:25  Pylon  
  62  7:29  Pylon  
  62  7:36  Pylon  
  62  7:41  Pylon  
  62  7:50  Stargate, Probe x2 (Chrono Boost)  
  62  7:52  Stargate  
  64  8:04  Probe x2 (Chrono Boost)  
  66  8:18  Probe x2 (Chrono Boost)  
  68  8:32  Probe x2 (Chrono Boost)  
  68  8:37  Void Ray x2  
  74  8:45  Probe (Chrono Boost)  
  74  8:47  Void Ray  
  75  8:50  Pylon  
  75  8:54  Pylon  
  79  9:15  Void Ray  
  83  9:25  Void Ray  
  83  9:37  Void Ray  
  83  9:38  Pylon  
  91  9:42  Pylon  
  93  10:00  Probe x2 (Chrono Boost)  
  93  10:07  Cybernetics Core  
  93  10:10  Cybernetics Core  
  93  10:26  Void Ray  
  93  10:38  Void Ray x2  
  105  10:56  Void Ray  
  77  11:15  Void Ray  
  81  11:37  Void Ray  
  85  11:51  Void Ray  
  89  12:00  Void Ray  
  89  12:09  Pylon  
  89  12:14  Pylon  
  89  12:18  Pylon  
  93  12:25  Void Ray  
  93  12:37  Void Ray  
  97  13:26  Pylon  
  97  13:34  Gateway, Pylon  
  97  13:39  Pylon  
  97  13:45  Gateway  
  97  13:48  Gateway  
  97  13:51  Gateway  
  97  13:53  Gateway  
  97  14:08  Gateway  
  97  14:10  Gateway  
  97  14:13  Gateway  
  97  14:15  Gateway  
  97  14:20  Gateway  
  97  14:24  Gateway  
  97  14:26  Gateway  
  97  14:43  Centurion  
  97  14:44  Centurion x2  
  97  14:47  Void Ray  
  97  14:48  Void Ray  
  103  14:50  Pylon  
  103  14:58  Void Ray x2  
  113  15:30  Gateway  
  113  15:34  Gateway  
  113  15:36  Gateway  
  113  15:39  Gateway  
  113  15:41  Gateway  
  113  15:53  Void Ray x2  
  113  16:04  Void Ray x2  
  129  16:19  Centurion  
  131  16:20  Centurion  
  131  16:21  Centurion x3  
  131  16:22  Centurion x2  
  143  17:15  Centurion x3  
  149  17:20  Protoss Air Weapons Level 1, Protoss Air Armor Level 1  
  149  17:38  Pylon  
  147  17:42  Pylon  
  147  17:44  Pylon  
  147  17:45  Pylon  
  147  17:47  Pylon  
  147  17:49  Pylon  
  147  17:51  Pylon  
  147  18:28  Centurion x4  
  147  18:29  Stalker x4  
  163  18:30  Stalker x4  
  121  19:18  Stalker x2  
  121  19:19  Stalker x3  
  129  19:39  Void Ray x4  
  141  20:35  Stalker x2  
  141  20:36  Stalker x3  
  141  20:37  Stalker x4  
  141  20:38  Stalker x2  
  159  21:55  Stalker x3  
  159  21:56  Stalker x4  
  159  21:57  Stalker x4  
  159  21:58  Stalker  
  183  22:17  Pylon  
  183  22:20  Pylon  
  183  22:23  Pylon  
  183  22:28  Pylon  
  183  22:32  Stalker x2  
  183  22:33  Stalker x2  
  183  22:34  Stalker  
  183  22:35  Pylon  
  141  25:01  Twilight Council  
  141  25:08  Fleet Beacon  
  153  25:42  Stalker x4  
  153  25:43  Stalker x4  
  153  25:44  Stalker x4  
  153  25:45  Stalker x2  
Tags
 
Commander
StukovVorazun
League
Platinum
Matchup
Co-op
Replay Pack
Multi
Add a new tag
Caveats
  • Supply blocks, unpowered buildings, or Contaminate may cause inaccurate times.
  • Supply counts are checked every 10 seconds.